Map: 寒冬之門 - 天梯版

Players

Has - Winner!

  • Race: Protoss Protoss
  • Spawn Location: 5:00

ButAlways

  • Race: Protoss Protoss
  • League: Platinum
  • Spawn Location: 11:00

VOD

Have the link to the VOD?

Description

Time

  • Played on: Sept. 7, 2019, 12:19 p.m.
  • Length: 6:11
Show
View Real Time Build Order
Export as new Build Order

Has Protoss - Winner!

Build Orders: Oracle Opening 

Get SALT Encoding   

  12  0:00  Probe  
  13  0:12  Probe  
  14  0:18  Pylon  
  14  0:24  Probe  
  14  0:27  Assimilator  
  15  0:32  Probe  
  15  0:41  Gateway, Probe  
  17  0:51  Assimilator  
  17  0:52  Probe  
  18  1:00  Probe  
  18  1:07  Gateway  
  18  1:08  Probe  
  20  1:18  Probe  
  21  1:29  Cybernetics Core  
  21  1:31  Probe  
  22  1:39  Pylon  
  22  1:43  Probe  
  23  1:51  Pylon  
  23  2:06  Stargate, Adept  
  25  2:09  Adept  
  25  2:11  Warp Gate  
  25  2:15  Probe  
  28  2:24  Pylon  
  28  2:39  Oracle  
  31  2:51  Shield Battery  
  31  2:54  Shield Battery, Stalker  
  33  3:00  Shield Battery  
  33  3:15  Oracle  
  33  3:22  Gateway  
  36  3:30  Shield Battery  
  36  3:34  Gateway  
  36  3:45  Robotics Facility  
  36  4:00  Stalker  
  36  4:02  Shield Battery  
  36  4:04  Stalker  
  36  4:07  Pylon  
  36  4:20  Stalker  
  36  4:28  Zealot  
  38  4:33  Pylon  
  38  4:36  Pylon  
  38  4:43  Immortal  
  42  5:03  Stalker  
  44  5:12  Warp Prism  
  44  5:28  Zealot, Sentry  
  48  5:34  Pylon  
  50  5:39  Sentry  
  52  5:49  Observer  
Show
View Real Time Build Order
Export as new Build Order

ButAlways Protoss 

Build Orders:  

Get SALT Encoding   

  12  0:00  Probe  
  13  0:12  Probe  
  14  0:17  Pylon  
  14  0:25  Probe  
  15  0:33  Probe  
  15  0:36  Gateway  
  15  0:42  Probe  
  16  0:47  Assimilator  
  17  0:52  Probe  
  17  0:55  Assimilator  
  18  1:00  Probe  
  19  1:08  Probe  
  19  1:09  Gateway  
  19  1:18  Probe  
  21  1:25  Cybernetics Core  
  21  1:30  Probe  
  22  1:34  Pylon  
  22  1:42  Probe  
  23  1:53  Warp Gate  
  23  2:01  Stalker  
  23  2:02  Stalker  
  27  2:11  Robotics Facility  
  27  2:17  Gateway  
  27  2:31  Stalker  
  27  2:34  Stalker  
  31  2:41  Pylon  
  31  2:50  Pylon  
  31  2:52  Warp Prism  
  33  3:12  Shield Battery  
  33  3:28  Observer  
  34  3:41  Sentry, Stalker  
  36  3:42  Stalker  
  36  3:45  Pylon  
  44  4:06  Stalker  
  44  4:08  Stalker  
  44  4:09  Stalker  
  37  4:30  Stalker  
  39  4:32  Sentry  
  39  4:37  Probe  
  36  4:45  Probe, Sentry x2  
  36  4:47  Stalker  
  36  4:52  Observer  
  38  4:54  Probe  
  39  5:04  Probe  
  40  5:10  Sentry  
  42  5:16  Probe  
  42  5:25  Probe, Stalker  
  44  5:30  Observer  
  44  5:33  Probe  
  46  5:43  Probe  
  46  5:46  Adept  
Tags
 
Add a new tag
Caveats
  • Supply blocks, unpowered buildings, or Contaminate may cause inaccurate times.
  • Supply counts are checked every 10 seconds.